 Dungeon Crawl Stone Soup version 0.25-a0-670-g50981ef59b (webtiles) character file.

Game seed: 7439784268902556234, levelgen mode: deterministic

163 Laiders72 the Cudgeler (level 5, -3/45 HPs)
             Began as a Minotaur Berserker on Mar 29, 2020.
             Was a Believer of Trog.
             Slain by a centaur (6 damage)
             ... on level 6 of the Dungeon.
             The game lasted 00:03:23 (1837 turns).

Laiders72 the Cudgeler (Minotaur Berserker)         Turns: 1837, Time: 00:03:23

Health: -3/45      AC:  2    Str: 23    XL:     5   Next: 20%
Magic:  4/4        EV:  9    Int:  4    God:    Trog [**....]
Gold:   71         SH:  7    Dex:  9    Spells: 4/4 levels left

rFire    . . .     SeeInvis .   a - +0 mace
rCold    . . .     Gourm    .   j - +0 kite shield (curse)
rNeg     . . .     Faith    .   b - +0 animal skin
rPois    .         Spirit   .   (helmet restricted)
rElec    .         Reflect  .   (no cloak)
rCorr    .         Harm     .   (no gloves)
MR       ++...                  (no boots)
Stlth    +.........             (no amulet)
HPRegen  1.15/turn              (no ring)
MPRegen  0.09/turn              (no ring)

@: mighty, berserk cooldown, regenerating, slowed, very slow
A: retaliatory headbutt, horns 2
a: Berserk, Trog's Hand, Renounce Religion


You were on level 6 of the Dungeon.
You worshipped Trog.
Trog was pleased with you.
You were not hungry.

You visited 1 branch of the dungeon, and saw 4 of its levels.

You collected 71 gold pieces.

Inventory:

Hand Weapons
 a - a +0 mace (weapon)
Armour
 b - a +0 animal skin (worn)
 j - a cursed +0 kite shield (worn)
Scrolls
 d - 3 scrolls of remove curse {unknown}
 e - a scroll of enchant weapon {unknown}
 f - 2 scrolls of amnesia {unknown}
 g - a scroll of identify {unknown}
 h - 3 scrolls of blinking {unknown}
 i - a scroll of random uselessness {unknown}
 k - a scroll of immolation {unknown}
Comestibles
 c - 2 rations


   Skills:
 - Level 3.6 Fighting
 * Level 7.2 Maces & Flails
 - Level 2.4 Armour
 - Level 2.1 Dodging


You had 4 spell levels left.
You didn't know any spells.
Your spell library was empty.

Dungeon Overview and Level Annotations

Branches:
Dungeon (3/15)

Altars:
Fedhas
Qazlal
Ru
Sif Muna
Vehumet
Yredelemnul


Innate Abilities, Weirdness & Mutations

You reflexively headbutt those who attack you in melee.
You have a pair of horns on your head.


Message History

The centaur shoots an arrow.
The arrow hits you!
The centaur shoots an arrow.
The arrow hits you!
* * * LOW HITPOINT WARNING * * *
Items here: $ ( ) † an arrow; a +0 whip; 17 gold pieces; an orc corpse It was a potion of might.
You feel very mighty all of a sudden.
Your skin crawls.
You feel resistant to hostile enchantments.
You feel quite a bit more hungry.
The centaur unwields a +0 shortbow.
The centaur closely misses you. The centaur hits you.
* * * LOW HITPOINT WARNING * * *
The centaur hits you.
* * * LOW HITPOINT WARNING * * *
You hit the centaur. You headbutt the centaur!
The centaur is severely wounded.
The centaur hits you.
* * * LOW HITPOINT WARNING * * *
The orc closely misses you. The centaur hits you.
You die...

## . ###$
..#...#######
....#......[#
............#
#....(.).#
#...(....#
#...@....#
##..co...#
...).o....#
...$........#
.......##.###
....... #..
?...... #.#
....... ..


You could see a centaur and 2 orcs.

Vanquished Creatures
  An ogre (D:6)
  Robin (D:2)
  2 adders (D:2)
  A dart slug (D:1)
  2 leopard geckos (D:1)
  An orc (D:6)
  2 giant cockroaches (D:2)
  11 goblins
  6 hobgoblins
  2 jackals (D:1)
  8 kobolds
  A bat (D:1)
  5 frilled lizards
  4 rats (D:1)
47 creatures vanquished.

Notes
Turn   | Place    | Note
-------+----------+-------------------------------------------
     0 | D:1      | Laiders72 the Minotaur Berserker began the quest for the
                  | Orb.
     0 | D:1      | Reached XP level 1. HP: 19/19 MP: 0/0
    22 | D:1      | Reached skill level 4 in Maces & Flails
    34 | D:1      | Reached XP level 2. HP: 20/26 MP: 1/1
   667 | D:1      | Reached skill level 5 in Maces & Flails
   894 | D:2      | Reached XP level 3. HP: 22/31 MP: 2/2
  1096 | D:2      | Noticed Robin
  1150 | D:2      | Killed Robin
  1150 | D:2      | Reached skill level 6 in Maces & Flails
  1150 | D:2      | Reached XP level 4. HP: 25/39 MP: 3/3
  1153 | D:2      | Reached ** piety under Trog
  1326 | D:2      | Noticed a water elemental
  1328 | D:2      | Found a stormy altar of Qazlal.
  1330 | D:2      | Noticed a fire elemental
  1330 | D:2      | Noticed an earth elemental
  1330 | D:2      | Noticed an air elemental
  1452 | D:2      | Found a shimmering blue altar of Sif Muna.
  1493 | D:2      | Found a basalt altar of Yredelemnul.
  1493 | D:2      | Found a stormy altar of Qazlal.
  1496 | D:2      | Found a sacrificial altar of Ru.
  1585 | D:2      | Found a blossoming altar of Fedhas.
  1595 | D:2      | Found a radiant altar of Vehumet.
  1822 | D:3      | You fall into a shaft and drop 3 floors!
  1822 | D:6      | Noticed an ogre
  1827 | D:6      | Killed an ogre
  1827 | D:6      | Reached skill level 7 in Maces & Flails
  1827 | D:6      | Reached XP level 5. HP: 44/45 MP: 4/4
  1830 | D:6      | Noticed a centaur
  1837 | D:6      | Slain by a centaur

Levels and vault maps discovered:
D:1:      dpeg_arrival_court, layout_basic
D:2:      layout_basic, minitemple, amethyst_overflow_temple_binary,
          nicolae_qazlal_style_of_elements, uniq_robin
D:3:      layout_basic
D:6:      layout_rooms, basic_altar

Skill      XL: |  1  2  3  4 |
---------------+-------------+-----
Maces & Flails | 4 5 6 7 |  7.2
Fighting       | |  3.6
Armour         | |  2.4
Dodging        | |  2.1

Action                   |  1- 3 |  4- 6 || total
-------------------------+-------+-------++-------
Melee: Mace              |    72 |    15 ||    87
       Headbutt          |    10 |     3 ||    13
Invok: Berserk           |     2 |     1 ||     3
       Trog's Hand       |       |     1 ||     1
  Use: Potion            |       |     1 ||     1
  Eat: Chunk             |     3 |       ||     3
       Ration            |       |     1 ||     1
Armor: Animal skin       |    17 |     2 ||    19
Dodge: Dodged            |    44 |    13 ||    57
Block: Kite shield       |       |     4 ||     4

Table legend:
 A = Non-vault XP
 B = Vault XP
 C = Vault XP percentage of total XP
 D = Non-vault monster count
 E = Vault monster count
 F = Vault count percentage of total count
                 A         B        C        D         E       F
            +---------+---------+-------+---------+---------+-------
      Total |     198 |      35 |  15.0 |      36 |      11 |  23.4
            +---------+---------+-------+---------+---------+-------
        D:1 |      37 |       0 |   0.0 |      22 |       0 |   0.0
        D:2 |      42 |      35 |  45.5 |      10 |      11 |  52.4
        D:3 |       4 |       0 |   0.0 |       2 |       0 |   0.0
        D:6 |     115 |       0 |   0.0 |       2 |       0 |   0.0
            +---------+---------+-------+---------+---------+-------
